| TOP OF THE 1ST |
|
Cincinnati Reds batting - Pitching for Pittsburgh Pirates : LHP Sam Richardson
|
|
Pitching: LHP Sam Richardson
|
|
|
Batting: RHB Tony Casas
|
0-0: Called Strike 0-1: Swinging Strike 0-2: Ball 1-2: Ball 2-2: Ground out 5-3 (Groundball, 56S, EV 90.6 MPH)
|
|
Batting: RHB Mike Alm
|
0-0: Foul Ball, location: 2F 0-1: Ball 1-1: Ball 2-1: Foul Ball, location: 2F 2-2: Foul Ball, location: 2F 2-2: Strikes out swinging
|
|
Batting: SHB Jun Tsuda
|
0-0: Ball 1-0: Ball 2-0: Foul Ball, location: 2F 2-1: Foul Ball, location: 2F 2-2: Strikes out swinging
|
| Top of the 1st over - 0 runs, 0 hits, 0 errors, 0 left on base; Cincinnati 0 - Pittsburgh 0 |
| BOTTOM OF THE 1ST |
|
Pittsburgh Pirates batting - Pitching for Cincinnati Reds : RHP Timmy John Aaron-Lee Frank Silveira
|
|
Pitching: RHP Timmy John Aaron-Lee Frank Silveira
|
|
|
Batting: LHB Jordan de Jesus
|
0-0: Called Strike 0-1: Ball 1-1: Fly out, F8 (Line Drive, 78M, EV 91.9 MPH)
|
|
Batting: RHB Chiel Palstermans
|
0-0: Foul Ball, location: 2F 0-1: Foul Ball, location: 2F 0-2: Foul Ball, location: 2F 0-2: Ball 1-2: Foul Ball, location: 2F 1-2: Ground out 5-3 (Groundball, 56S, EV 62.5 MPH)
|
|
Batting: LHB Brad Pepin
|
0-0: Ball 1-0: SINGLE (Line Drive, 6D, EV 94.4 MPH)
|
|
Batting: LHB Nick Rooney
|
0-0: Ball 1-0: Swinging Strike 1-1: Foul Ball, location: 2F 1-2: Ball 2-2: Ball 3-2: Ground out 4-3 (Groundball, 4D, EV 101.2 MPH)
|
| Bottom of the 1st over - 0 runs, 1 hit, 0 errors, 1 left on base; Cincinnati 0 - Pittsburgh 0 |
| TOP OF THE 2ND |
|
Cincinnati Reds batting - Pitching for Pittsburgh Pirates : LHP Sam Richardson
|
|
Batting: LHB Chris Grunwald
|
0-0: Foul Ball, location: 2F 0-1: Ball 1-1: Ground out 6-3 (Groundball, 6, EV 85.0 MPH)
|
|
Batting: LHB Evan Torraville
|
0-0: Swinging Strike 0-1: Ball 1-1: Called Strike 1-2: Strikes out looking
|
|
Batting: RHB Juan Reyes
|
0-0: Ball 1-0: Ball 2-0: Ball 3-0: Base on Balls
|
|
Batting: RHB Fred Slade
|
0-0: Fly out, F6 (Popup, 6MS, EV 84.4 MPH)
|
| Top of the 2nd over - 0 runs, 0 hits, 0 errors, 1 left on base; Cincinnati 0 - Pittsburgh 0 |
| BOTTOM OF THE 2ND |
|
Pittsburgh Pirates batting - Pitching for Cincinnati Reds : RHP Timmy John Aaron-Lee Frank Silveira
|
|
Batting: RHB David Contreras
|
0-0: Called Strike 0-1: Swinging Strike 0-2: Ball 1-2: Ball 2-2: Strikes out swinging
|
|
Batting: LHB Micah Boshnjaku
|
0-0: Ball 1-0: Ball 2-0: Called Strike 2-1: Foul Ball, location: 2F 2-2: Ball 3-2: SINGLE (Groundball, 25, EV 70.0 MPH) (infield hit)
|
|
Batting: SHB Jack Andrews
|
0-0: Called Strike 0-1: Reached on error, E3 (Groundball, 3, EV 86.2 MPH) Micah Boshnjaku to second
|
|
Batting: RHB Jason Moss
|
0-0: Ball 1-0: Grounds into double play, 4-6-3 (Groundball, 4, EV 109.4 MPH)
|
| Bottom of the 2nd over - 0 runs, 1 hit, 1 error, 1 left on base; Cincinnati 0 - Pittsburgh 0 |
| TOP OF THE 3RD |
|
Cincinnati Reds batting - Pitching for Pittsburgh Pirates : LHP Sam Richardson
|
|
Batting: RHB Omar Quintana
|
0-0: Swinging Strike 0-1: Swinging Strike 0-2: Fly out, F9 (Flyball, 9S, EV 74.4 MPH)
|
|
Batting: RHB Joseph Kirchmann
|
0-0: Ball 1-0: Called Strike 1-1: Called Strike 1-2: Strikes out swinging
|
|
Batting: RHB Tony Casas
|
0-0: Ball 1-0: Ball 2-0: Swinging Strike 2-1: Foul Ball, location: 2F 2-2: Strikes out swinging
|
| Top of the 3rd over - 0 runs, 0 hits, 0 errors, 0 left on base; Cincinnati 0 - Pittsburgh 0 |
| BOTTOM OF THE 3RD |
|
Pittsburgh Pirates batting - Pitching for Cincinnati Reds : RHP Timmy John Aaron-Lee Frank Silveira
|
|
Batting: SHB Brad Day
|
0-0: Called Strike 0-1: Ground out 6-3 (Groundball, 6, EV 88.1 MPH)
|
|
Batting: LHB Jordan de Jesus
|
0-0: Ball 1-0: Ball 2-0: Called Strike 2-1: Ball 3-1: Foul Ball, location: 2F 3-2: SINGLE (Line Drive, 8RS, EV 90.0 MPH)
|
|
Batting: RHB Chiel Palstermans
|
0-0: Ball 1-0: Grounds into double play, U6-3 (Groundball, 4MD, EV 77.5 MPH)
|
| Bottom of the 3rd over - 0 runs, 1 hit, 0 errors, 0 left on base; Cincinnati 0 - Pittsburgh 0 |
| TOP OF THE 4TH |
|
Cincinnati Reds batting - Pitching for Pittsburgh Pirates : LHP Sam Richardson
|
|
Batting: RHB Mike Alm
|
0-0: Swinging Strike 0-1: Foul Ball, location: 2F 0-2: Ball 1-2: Foul Ball, location: 2F 1-2: DOUBLE (Flyball, 89D, EV 102.5 MPH)
|
|
Batting: SHB Jun Tsuda
|
0-0: Ball 1-0: Called Strike 1-1: Swinging Strike 1-2: Strikes out swinging
|
|
Batting: LHB Chris Grunwald
|
0-0: Ball 1-0: Called Strike 1-1: Foul Ball, location: 2F 1-2: Ball 2-2: Strikes out looking
|
|
Batting: LHB Evan Torraville
|
0-0: Called Strike 0-1: Fly out, F9 (Line Drive, 89S, EV 95.6 MPH)
|
| Top of the 4th over - 0 runs, 1 hit, 0 errors, 1 left on base; Cincinnati 0 - Pittsburgh 0 |
| BOTTOM OF THE 4TH |
|
Pittsburgh Pirates batting - Pitching for Cincinnati Reds : RHP Timmy John Aaron-Lee Frank Silveira
|
|
Batting: LHB Brad Pepin
|
0-0: Called Strike 0-1: Ball 1-1: Foul Ball, location: 2F 1-2: Foul Ball, location: 2F 1-2: Ball 2-2: Foul Ball, location: 2F 2-2: SOLO HOME RUN (Flyball, 9D, EV 95.0 MPH), Distance : 375 ft
|
|
Batting: LHB Nick Rooney
|
0-0: Foul Ball, location: 2F 0-1: Foul Ball, location: 2F 0-2: Ball 1-2: Ball 2-2: Ball 3-2: Reached via error on a dropped throw from SS, E3 (Groundball, 6, EV 93.8 MPH)
|
|
Batting: RHB David Contreras
|
0-0: Foul Ball, location: 2F 0-1: Ball 1-1: SINGLE (Line Drive, 7S, EV 86.9 MPH) Nick Rooney to second
|
|
Batting: LHB Micah Boshnjaku
|
0-0: Sac Bunt to 15S - play at first, batter OUT! 1-3 Nick Rooney to third David Contreras to second
|
|
Batting: SHB Jack Andrews
|
0-0: Intentional Walk
|
|
Batting: RHB Jason Moss
|
0-0: Grounds into double play, 6-2-3 (Groundball, 56, EV 99.4 MPH)
|
| Bottom of the 4th over - 1 run, 2 hits, 1 error, 2 left on base; Cincinnati 0 - Pittsburgh 1 |
| TOP OF THE 5TH |
|
Cincinnati Reds batting - Pitching for Pittsburgh Pirates : LHP Sam Richardson
|
|
Batting: RHB Juan Reyes
|
0-0: Foul Ball, location: 2F 0-1: Ball 1-1: Ground out 5-3 (Groundball, 56S, EV 78.1 MPH)
|
|
Batting: RHB Fred Slade
|
0-0: Called Strike 0-1: Ball 1-1: Fly out, F8 (Flyball, 8RM, EV 88.1 MPH)
|
|
Batting: RHB Omar Quintana
|
0-0: Swinging Strike 0-1: Foul Ball, location: 2F 0-2: Ball 1-2: Foul Ball, location: 2F 1-2: Strikes out swinging, 2-3 out at first.
|
| Top of the 5th over - 0 runs, 0 hits, 0 errors, 0 left on base; Cincinnati 0 - Pittsburgh 1 |
| BOTTOM OF THE 5TH |
|
Pittsburgh Pirates batting - Pitching for Cincinnati Reds : RHP Timmy John Aaron-Lee Frank Silveira
|
|
Batting: SHB Brad Day
|
0-0: Ball 1-0: Called Strike 1-1: Called Strike 1-2: Fly out, F8 (Line Drive, 8LM, EV 103.8 MPH)
|
|
Batting: LHB Jordan de Jesus
|
0-0: Called Strike 0-1: Ball 1-1: Ball 2-1: SINGLE (Groundball, 34S, EV 68.8 MPH) (infield hit)
|
|
Batting: RHB Chiel Palstermans
|
0-0: Swinging Strike 0-1: Foul Ball, location: 2F 0-2: Foul Ball, location: 2F 0-2: Ball 1-2: Strikes out swinging
|
|
Batting: LHB Brad Pepin
|
0-0: Called Strike 0-1: Ball 1-1: Foul Ball, location: 2F 1-2: Ball 2-2: Strikes out looking
|
| Bottom of the 5th over - 0 runs, 1 hit, 0 errors, 1 left on base; Cincinnati 0 - Pittsburgh 1 |
| TOP OF THE 6TH |
|
Cincinnati Reds batting - Pitching for Pittsburgh Pirates : LHP Sam Richardson
|
|
Batting: RHB Joseph Kirchmann
|
0-0: Foul Ball, location: 2F 0-1: Ball 1-1: Ball 2-1: Swinging Strike 2-2: SINGLE (Flyball, 89S, EV 95.0 MPH)
|
|
Batting: RHB Tony Casas
|
0-0: Ball 1-0: Ball 2-0: SINGLE (Groundball, 56D, EV 101.9 MPH) Joseph Kirchmann to second Runner from 2nd tries for 3rd, SAFE, throw by LF made to third
|
|
Batting: RHB Mike Alm
|
0-0: Foul Ball, location: 2F 0-1: Ball Tony Casas steals 2nd base (no throw) 1-1: Foul Ball, location: 2F 1-2: Strikes out swinging
|
|
Batting: SHB Jun Tsuda
|
0-0: Ball 1-0: Foul Ball, location: 2F 1-1: Ball 2-1: Foul Ball, location: 2F 2-2: Ball 3-2: Fly out, F8 (Flyball, 78XD, EV 80.6 MPH) Runner from 3rd tags up, SCORES, no throw by CF Tony Casas to third
|
|
Batting: LHB Chris Grunwald
|
0-0: Ball 1-0: Swinging Strike 1-1: Ball 2-1: Foul Ball, location: 2F 2-2: Foul Ball, location: 2F 2-2: Foul Ball, location: 2F 2-2: Strikes out swinging
|
| Top of the 6th over - 1 run, 2 hits, 0 errors, 1 left on base; Cincinnati 1 - Pittsburgh 1 |
| BOTTOM OF THE 6TH |
|
Pittsburgh Pirates batting - Pitching for Cincinnati Reds : RHP Timmy John Aaron-Lee Frank Silveira
|
|
Batting: LHB Nick Rooney
|
0-0: Ball 1-0: Ball 2-0: Called Strike 2-1: Called Strike 2-2: Strikes out swinging
|
|
Batting: RHB David Contreras
|
0-0: Ball 1-0: Called Strike 1-1: Ball 2-1: Foul Ball, location: 2F 2-2: Foul Ball, location: 2F 2-2: Ball 3-2: Fly out, F9 (Flyball, 9, EV 78.8 MPH)
|
|
Batting: LHB Micah Boshnjaku
|
0-0: Ball 1-0: Foul Ball, location: 2F 1-1: Ball 2-1: Foul Ball, location: 2F 2-2: Ball 3-2: Base on Balls
|
|
Batting: SHB Jack Andrews
|
0-0: Ball 1-0: SINGLE (Line Drive, 9S, EV 95.6 MPH) Micah Boshnjaku to second Runner from 2nd tries for 3rd, SAFE, throw by RF made to third
|
|
Batting: RHB Jason Moss
|
0-0: Ground out 4-3 (Groundball, 4, EV 98.1 MPH)
|
| Bottom of the 6th over - 0 runs, 1 hit, 0 errors, 2 left on base; Cincinnati 1 - Pittsburgh 1 |
| TOP OF THE 7TH |
|
Cincinnati Reds batting - Pitching for Pittsburgh Pirates : LHP Sam Richardson
|
|
Batting: LHB Evan Torraville
|
0-0: Ball 1-0: Ball 2-0: Ball 3-0: Base on Balls
|
|
Batting: RHB Juan Reyes
|
0-0: Ball 1-0: Ball 2-0: Ball 3-0: Called Strike 3-1: Ball Evan Torraville to second
|
|
Batting: RHB Fred Slade
|
0-0: Ball 1-0: Called Strike 1-1: Swinging Strike 1-2: Ground out 5-3 (Groundball, 56S, EV 84.4 MPH) Evan Torraville to third Juan Reyes to second
|
|
Pitching: LHP Tim Wichman
|
|
|
Batting: RHB Omar Quintana
|
0-0: SINGLE (Line Drive, 7S, EV 109.4 MPH) Evan Torraville scores Juan Reyes to third
|
|
Batting: RHB Joseph Kirchmann
|
0-0: Ball 1-0: Foul Ball, location: 2F 1-1: Ball 2-1: Swinging Strike 2-2: Strikes out swinging
|
|
Batting: RHB Tony Casas
|
0-0: Called Strike 0-1: Ground out 4-3 (Groundball, 34, EV 105.0 MPH)
|
| Top of the 7th over - 1 run, 1 hit, 0 errors, 2 left on base; Cincinnati 2 - Pittsburgh 1 |
| BOTTOM OF THE 7TH |
|
Pittsburgh Pirates batting - Pitching for Cincinnati Reds : RHP Timmy John Aaron-Lee Frank Silveira
|
|
Batting: SHB Brad Day
|
0-0: Ball 1-0: SOLO HOME RUN (Flyball, 7D, EV 98.8 MPH), Distance : 388 ft
|
|
Batting: LHB Jordan de Jesus
|
0-0: Foul Ball, location: 2F 0-1: Ball 1-1: Ground out 6-3 (Groundball, 6MD, EV 85.0 MPH)
|
|
Batting: RHB Chiel Palstermans
|
0-0: Foul Ball, location: 2F 0-1: Foul Ball, location: 2F 0-2: SINGLE (Groundball, 56S, EV 67.5 MPH) (infield hit)
|
|
Pitching: LHP Brad Jonas
|
|
|
Batting: LHB Brad Pepin
|
0-0: Ball 1-0: Ball 2-0: Foul Ball, location: 2F 2-1: Ball 3-1: Foul Ball, location: 2F 3-2: Fielders Choice at 2nd, 4-6 (Groundball, 4, EV 93.1 MPH)
|
|
Batting: LHB Nick Rooney
|
0-0: Called Strike 0-1: Foul Ball, location: 2F 0-2: DOUBLE (Groundball, 3L, EV 107.5 MPH) Brad Pepin to third
|
|
Batting: RHB David Contreras
|
0-0: Intentional Walk
|
|
Batting: LHB Micah Boshnjaku
|
0-0: Called Strike 0-1: Ball 1-1: Swinging Strike 1-2: Strikes out swinging
|
| Bottom of the 7th over - 1 run, 3 hits, 0 errors, 3 left on base; Cincinnati 2 - Pittsburgh 2 |
| TOP OF THE 8TH |
|
Cincinnati Reds batting - Pitching for Pittsburgh Pirates : LHP Tim Wichman
|
|
Batting: RHB Mike Alm
|
0-0: Foul Ball, location: 2F 0-1: Ball 1-1: Foul Ball, location: 2F 1-2: Strikes out swinging
|
|
Batting: SHB Jun Tsuda
|
0-0: Foul Ball, location: 2F 0-1: Foul Ball, location: 2F 0-2: Ball 1-2: Foul Ball, location: 2F 1-2: Foul Ball, location: 2F 1-2: Foul Ball, location: 2F 1-2: Strikes out looking
|
|
Batting: LHB Chris Grunwald
|
0-0: Ball 1-0: Foul Ball, location: 2F 1-1: SINGLE (Groundball, 34D, EV 104.4 MPH)
|
|
Batting: LHB Evan Torraville
|
|
|
Pinch Hitting: RHB Willie Lazcano
|
0-0: Ball 1-0: Ball 2-0: Called Strike 2-1: SINGLE (Groundball, 25, EV 65.0 MPH) (infield hit) Chris Grunwald to second
|
|
Batting: RHB Juan Reyes
|
0-0: Swinging Strike 0-1: Ball 1-1: Fielders Choice at 2nd, 6-4 (Groundball, 6, EV 101.2 MPH)
|
| Top of the 8th over - 0 runs, 2 hits, 0 errors, 2 left on base; Cincinnati 2 - Pittsburgh 2 |
| BOTTOM OF THE 8TH |
|
Pittsburgh Pirates batting - Pitching for Cincinnati Reds : LHP Brad Jonas
|
|
Now in RF: Jamie Spangenberg
|
|
|
Batting: SHB Jack Andrews
|
0-0: Called Strike 0-1: Called Strike 0-2: Ball 1-2: Ball 2-2: Strikes out looking
|
|
Batting: RHB Jason Moss
|
0-0: Ball 1-0: Ground out 6-3 (Groundball, 56, EV 85.0 MPH)
|
|
Batting: SHB Brad Day
|
0-0: Called Strike 0-1: Ball 1-1: Swinging Strike 1-2: Ball 2-2: Foul Ball, location: 2F 2-2: Ball 3-2: Strikes out swinging
|
| Bottom of the 8th over - 0 runs, 0 hits, 0 errors, 0 left on base; Cincinnati 2 - Pittsburgh 2 |
| TOP OF THE 9TH |
|
Cincinnati Reds batting - Pitching for Pittsburgh Pirates : LHP Tim Wichman
|
|
Pitching: RHP Jeremy Kennie
|
|
|
Batting: RHB Fred Slade
|
0-0: SINGLE (Flyball, 34D, EV 96.9 MPH)
|
|
Batting: RHB Omar Quintana
|
0-0: DOUBLE (Line Drive, 9LD, EV 101.2 MPH) Fred Slade to third
|
|
Batting: RHB Joseph Kirchmann
|
0-0: Ball 1-0: Ball 2-0: Called Strike 2-1: Fly out, F8 (Flyball, 89D, EV 98.8 MPH) Runner from 3rd tags up, OUT at HOME! 8-2 Omar Quintana to third
|
|
Batting: RHB Tony Casas
|
0-0: Called Strike 0-1: Foul Ball, location: 2F 0-2: Foul Ball, location: 2F 0-2: Foul Ball, location: 2F 0-2: Foul Ball, location: 2F 0-2: Strikes out swinging, 2-3 out at first.
|
| Top of the 9th over - 0 runs, 2 hits, 0 errors, 1 left on base; Cincinnati 2 - Pittsburgh 2 |
| BOTTOM OF THE 9TH |
|
Pittsburgh Pirates batting - Pitching for Cincinnati Reds : LHP Brad Jonas
|
|
Pitching: LHP Eddie Grape
|
|
|
Batting: LHB Jordan de Jesus
|
0-0: Ball 1-0: Foul Ball, location: 2F 1-1: Ground out 4-3 (Groundball, 4, EV 86.2 MPH)
|
|
Batting: RHB Chiel Palstermans
|
0-0: Ground out 5-3 (Groundball, 56S, EV 92.5 MPH)
|
|
Batting: LHB Brad Pepin
|
0-0: Called Strike 0-1: Called Strike 0-2: Ball 1-2: Foul Ball, location: 2F 1-2: Strikes out swinging
|
| Bottom of the 9th over - 0 runs, 0 hits, 0 errors, 0 left on base; Cincinnati 2 - Pittsburgh 2 |
| TOP OF THE 10TH |
|
Cincinnati Reds batting - Pitching for Pittsburgh Pirates : RHP Jeremy Kennie
|
|
Batting: RHB Mike Alm
|
0-0: Called Strike 0-1: Foul Ball, location: 2F 0-2: Ball 1-2: Foul Ball, location: 2F 1-2: Foul Ball, location: 2F 1-2: Strikes out swinging
|
|
Batting: SHB Jun Tsuda
|
0-0: Called Strike 0-1: Ball 1-1: Foul Ball, location: 2F 1-2: Ball 2-2: Ground out 6-3 (Groundball, 56, EV 99.4 MPH)
|
|
Batting: LHB Chris Grunwald
|
0-0: Ball 1-0: Ball 2-0: Fly out, F8 (Flyball, 8LM, EV 93.1 MPH)
|
| Top of the 10th over - 0 runs, 0 hits, 0 errors, 0 left on base; Cincinnati 2 - Pittsburgh 2 |
| BOTTOM OF THE 10TH |
|
Pittsburgh Pirates batting - Pitching for Cincinnati Reds : LHP Eddie Grape
|
|
Batting: LHB Nick Rooney
|
0-0: Called Strike 0-1: Ball 1-1: Fly out, F7 (Line Drive, 78D, EV 92.5 MPH)
|
|
Batting: RHB David Contreras
|
0-0: Called Strike 0-1: Swinging Strike 0-2: TRIPLE (Flyball, 89XD, EV 95.0 MPH)
|
|
Batting: LHB Micah Boshnjaku
|
0-0: Intentional Walk
|
|
Batting: SHB Jack Andrews
|
0-0: Ball 1-0: Foul Ball, location: 2F 1-1: Foul Ball, location: 2F 1-2: Ball 2-2: Strikes out swinging
|
|
Batting: RHB Jason Moss
|
0-0: Ball 1-0: Foul Ball, location: 2F 1-1: Ball 2-1: Ball 3-1: Fielders Choice at 2nd, 6-4 (Groundball, 6, EV 103.1 MPH)
|
| Bottom of the 10th over - 0 runs, 1 hit, 0 errors, 2 left on base; Cincinnati 2 - Pittsburgh 2 |
| TOP OF THE 11TH |
|
Cincinnati Reds batting - Pitching for Pittsburgh Pirates : RHP Jeremy Kennie
|
|
Batting: LHB Jamie Spangenberg
|
0-0: Ball 1-0: Called Strike 1-1: Foul Ball, location: 2F 1-2: Strikes out swinging
|
|
Batting: RHB Juan Reyes
|
0-0: Ball 1-0: Foul Ball, location: 2F 1-1: Fly out, F4 (Popup, 34D, EV 58.1 MPH)
|
|
Batting: RHB Fred Slade
|
0-0: Foul Ball, location: 2F 0-1: Ball 1-1: Ball 2-1: Called Strike 2-2: Strikes out swinging
|
| Top of the 11th over - 0 runs, 0 hits, 0 errors, 0 left on base; Cincinnati 2 - Pittsburgh 2 |
| BOTTOM OF THE 11TH |
|
Pittsburgh Pirates batting - Pitching for Cincinnati Reds : LHP Eddie Grape
|
|
Batting: SHB Brad Day
|
0-0: Called Strike 0-1: Ball 1-1: Ball 2-1: Ball 3-1: Base on Balls
|
|
Batting: LHB Jordan de Jesus
|
0-0: Called Strike Brad Day steals 2nd base 0-1: Ball 1-1: Ball 2-1: Foul Ball, location: 2F 2-2: Strikes out swinging
|
|
Batting: RHB Chiel Palstermans
|
0-0: Intentional Walk
|
|
Batting: LHB Brad Pepin
|
0-0: Ball Brad Day steals 3rd base Chiel Palstermans to second 1-0: Intentional Walk
|
|
Batting: LHB Nick Rooney
|
0-0: Ball 1-0: Called Strike 1-1: Foul Ball, location: 2F 1-2: Ball 2-2: Strikes out swinging
|
|
Pitching: RHP Justin Ambrose
|
|
|
Pinch Hitting: LHB Xavier Pittman
|
0-0: SINGLE (Line Drive, 9S, EV 92.5 MPH) Brad Day scores
|
| Bottom of the 11th over - 1 run, 1 hit, 0 errors, 2 left on base; Cincinnati 2 - Pittsburgh 3 |
|